 Dungeon Crawl Stone Soup version 0.19.5 (webtiles) character file.

4 Reinor the Ducker (level 1, -1/11 HPs)
             Began as a Spriggan Abyssal Knight on Mar 22, 2017.
             Was an Initiate of Lugonu.
             Slain by a hobgoblin (2 damage)
             ... on level 1 of the Dungeon on Mar 23, 2017.
             The game lasted 00:02:14 (618 turns).

Reinor the Ducker (Spriggan Abyssal Knight)          Turns: 618, Time: 00:02:14

Health: -1/11      AC:  2    Str:  8    XL:     1   Next: 50%
Magic:  3/3        EV: 18    Int: 13    God:    Lugonu [......]
Gold:   30         SH:  0    Dex: 15    Spells: 0 memorised, 0 levels left

rFire  . . .     SeeInvis +     a - +1 short sword
rCold  . . .     Gourm    .     b - +0 robe
rNeg   . . .     Faith    .     (shield restricted)
rPois  .         Spirit   .     (helmet restricted)
rElec  .         Reflect  .     (no cloak)
rCorr  .         Harm     .     (gloves unavailable)
MR     .....                    (boots unavailable)
Stlth  +.........               (no amulet)
                                (no ring)
                                d - ring of see invisible (curse)

@: very quick
A: unfitting armour, see invisible, herbivore 3, speed 3, slow metabolism 2
a: Renounce Religion


You were on level 1 of the Dungeon.
You worshipped Lugonu.
Lugonu was noncommittal.
You were not hungry.

You visited 1 branch of the dungeon, and saw 1 of its levels.
You visited the Abyss 1 time.

You collected 30 gold pieces.

Inventory:

Hand Weapons
 a - a +1 short sword (weapon)
Armour
 b - a +0 robe (worn)
Jewellery
 d - a cursed ring of see invisible (left hand)
Comestibles
 c - a bread ration


   Skills:
 - Level 2.4 Fighting
 + Level 2.6 Short Blades
 - Level 3.5 Dodging
 - Level 1.7 Invocations


You couldn't memorise any spells.
You didn't know any spells.

Dungeon Overview and Level Annotations

Branches:
Dungeon (1/15)

Altars:


Innate Abilities, Weirdness & Mutations

You are very small and have problems with some larger weapons.
You are too small for most types of armour.
You have supernaturally acute eyesight. (SInv)
You are a herbivore.
You cover ground extremely quickly.
You need consume almost no food.


Message History

A hobgoblin comes into view.
The hobgoblin shouts!
The hobgoblin throws a stone.
The stone hits you but does no damage.
The hobgoblin throws a stone.
The stone misses you.
There is a large open door here.
You see here a stone.
There is a large open door here.
The hobgoblin closely misses you. The hobgoblin misses you.
You hit the hobgoblin but do no damage. The hobgoblin completely misses you.
The hobgoblin misses you.
You hit the hobgoblin but do no damage. The hobgoblin hits you.
The hobgoblin barely misses you.
You barely miss the hobgoblin. The hobgoblin hits you.
The hobgoblin misses you.
You closely miss the hobgoblin. The hobgoblin barely misses you.
The hobgoblin hits you.
* * * LOW HITPOINT WARNING * * *
You closely miss the hobgoblin. The hobgoblin barely misses you.
The hobgoblin hits you.
You die...

####+#### ###§§≈≈§§≈###
#≈§≈.g.g.≈§≈#
#..§§.@.....#
######'###### #####
####8(8####
##§§§###.........## .
#§§..##...........## ..
#§§§§#(..(.........#...
+≈§.)'8.....<(.........
#≈.((##............#
#≈≈.(##...........##


You could see 2 hobgoblins.

Vanquished Creatures
  2 goblins (D:1)
  A kobold (D:1)
3 creatures vanquished.

Notes
Turn   | Place    | Note
-------+----------+-------------------------------------------
     0 | Abyss:1  | Reinor the Spriggan Abyssal Knight began the quest for the Orb.
     0 | Abyss:1  | Reached XP level 1. HP: 11/11 MP: 3/3
   101 | Abyss:1  | Found an opulent altar of Gozag.
   119 | Abyss:1  | Noticed a small abomination
   125 | Abyss:1  | Noticed a large abomination
   127 | Abyss:1  | Noticed a tormentor
   138 | Abyss:1  | Noticed an ancient zyme
   144 | Abyss:1  | Noticed an orange demon
   148 | Abyss:1  | Noticed a starcursed mass
   149 | Abyss:1  | Noticed a large abomination
   149 | Abyss:1  | Noticed a crimson imp
   264 | Abyss:1  | Noticed a neqoxec
   270 | Abyss:1  | Noticed a quasit
   304 | Abyss:1  | Noticed a fire bat
   316 | Abyss:1  | Noticed a tentacled starspawn
   318 | Abyss:1  | Noticed a neqoxec
   321 | D:1      | Escaped the Abyss
   618 | D:1      | Slain by a hobgoblin

Action                   || total
-------------------------++-------
Melee: Short sword       ||    17
Invok: Depart the Abyss  ||     1
Armor: Robe              ||     3
Dodge: Dodged            ||    23
